 Dungeon Crawl Stone Soup version 0.28.0 (webtiles) character file.

Game seed: 14783488137692022020

26434 blackman the Nimble (level 12, -4/51 HPs)
             Began as a Felid Summoner on Feb 7, 2022.
             Was an Initiate of Gozag.
             Shot with an arrow by a centaur (13 damage)
             ... on level 11 of the Dungeon on Feb 8, 2022.
             The game lasted 03:04:42 (34565 turns).

blackman the Nimble (Felid Summoner)               Turns: 34565, Time: 03:04:43

Health: -4/51      AC:  3    Str:  4    XL:     12   Next: 98%
Magic:  12/26      EV: 41    Int: 20    God:    Gozag
Gold:   353        SH:  0    Dex: 18    Spells: 0/29 levels left
                                        Lives:  0   Deaths: 3

rFire   . . .      SeeInvis +   (weapon unavailable)
rCold   + . .      Faith    .   (shield unavailable)
rNeg    . . .      Spirit   .   (armour unavailable)
rPois   .          Reflect  .   (helmet unavailable)
rElec   .          Harm     .   (cloak unavailable)
rCorr   .          Rampage  .   (gloves unavailable)
Will    ++...                   (boots unavailable)
Stlth   ++........              M - amulet of the acrobat
HPRegen 0.17/turn               C - ring of willpower
MPRegen 0.20/turn               F - ring of wizardry

@: acrobatic, very slightly contaminated, quick
A: very small, claws 1, fangs 3, see invisible, speed 1, shaggy fur 3, stealthy
paws, no weapons or thrown items, no armour, multi-lived
a: Renounce Religion, Potion Petition, Call Merchant, Bribe Branch


You were on level 11 of the Dungeon.
You worshipped Gozag.
Gozag was aware of your devotion.
You visited 6 branches of the dungeon, and saw 21 of its levels.

You collected 4246 gold pieces.
You spent 408 gold pieces at shops.
You paid 3485 gold pieces to Gozag.


Innate Abilities, Weirdness & Mutations

You have sharp claws.
You have razor-sharp teeth.
You have supernaturally acute eyesight. (SInv)
You cover ground quickly. (Speed+)
Your thick and shaggy fur keeps you warm. (AC +3, rC+)
Your paws help you pounce on unaware monsters.
You are incapable of wielding weapons or throwing items.
You cannot wear armour.
You gain extra lives every three experience levels.


   Skills:
 - Level 5.3 Fighting
 - Level 12.2 Dodging
 - Level 2.6 Stealth
 - Level 9.0 Spellcasting
 - Level 10.8 Hexes
 - Level 12.0 Summonings
 - Level 12.1 Translocations
 * Level 10.6 Transmutations
 * Level 11.4 Air Magic


You couldn't memorise any spells.
You knew the following spells:

 Your Spells              Type           Power      Damage    Failure   Level
a - Manifold Assault      Tloc           55%        N/A       1%          5
d - Summon Guardian Gole  Hex/Summ       53%        N/A       1%          3
e - Summon Lightning Spi  Summ/Air       54%        N/A       1%          4
f - Summon Mana Viper     Hex/Summ       53%        N/A       1%          5
g - Summon Forest         Summ/Tloc      27%        N/A       1%          5
h - Storm Form            Tmut/Air       26%        N/A       26%         7

Your spell library contained the following spells:

 Spells                   Type           Power      Damage    Failure   Level
 Summon Small Mammal      Summ           100%       N/A       1%          1
 Blink                    Tloc           100%       N/A       1%          2
 Call Imp                 Summ           54%        N/A       1%          2
 Corpse Rot               Necr/Air       62%        N/A       1%          2
 Poisonous Vapours        Pois/Air       62%        N/A       1%          2
 Call Canine Familiar     Summ           54%        N/A       1%          3
 Mephitic Cloud           Conj/Pois/Air  24%        N/A       1%          3
 Tukima's Dance           Hex            51%        N/A       1%          3
 Passage of Golubria      Tloc           55%        N/A       1%          4
 Yara's Violent Unravell  Hex/Tmut       25%        3d11      1%          5
 Iskenderun's Mystic Bla  Conj/Tloc      33%        2d8       2%          4
 Summon Ice Beast         Ice/Summ       33%        N/A       2%          4
 Magic Dart               Conj           36%        1d4       3%          1
 Fulminant Prism          Conj/Hex       15%        3d11      3%          4
 Ozocubu's Armour         Ice            9%         N/A       9%          3
 Metabolic Englaciation   Hex/Ice        15%        N/A       9%          5
 Monstrous Menagerie      Summ           27%        N/A       19%         7
 Summon Hydra             Summ           27%        N/A       19%         7
 Eringya's Noxious Bog    Tmut/Pois      15%        N/A       45%         6
 Lee's Rapid Deconstruct  Erth           4%         3d6*      61%         5
 Simulacrum               Ice/Necr       4%         N/A       98%         6

Inventory:

Jewellery
 o - a ring of see invisible
   (You found it on level 6 of the Dungeon)
 s - a ring of positive energy
   (You took it off an orc priest on level 9 of the Dungeon)
 u - an amulet of reflection
   (You found it on level 10 of the Dungeon)
 A - a ring of ice
   (You found it on level 10 of the Dungeon)
 B - a +4 ring of protection
   (You found it on level 10 of the Dungeon)
 C - a ring of willpower (left paw)
   (You found it on level 10 of the Dungeon)
 D - a ring of flight
   (You found it on level 1 of the Swamp)
 F - a ring of wizardry (right paw)
   (You found it on level 1 of the Lair of Beasts)
 G - a +4 ring of protection
   (You found it on level 2 of the Lair of Beasts)
 I - a +4 ring of evasion
   (You found it on level 3 of the Lair of Beasts)
 M - an amulet of the acrobat (around neck)
   (You found it on level 5 of the Lair of Beasts)
 N - a +6 ring of strength
   (You found it on level 6 of the Lair of Beasts)
Wands
 h - a wand of paralysis (2)
   (You took it off an orc priest on level 9 of the Dungeon)
 j - a wand of digging (2)
   (You found it on level 4 of the Dungeon)
 n - a wand of acid (24)
   (You found it on level 6 of the Dungeon)
 p - a wand of flame (25)
   (You found it on level 6 of the Dungeon)
 w - a wand of iceblast (13)
   (You found it on level 8 of the Dungeon)
 O - a wand of polymorph (10)
   (You found it on level 6 of the Lair of Beasts)
Scrolls
 b - a scroll of amnesia
 c - a scroll of vulnerability {!r!r}
 g - 4 scrolls of noise {!r}
 i - a scroll of fear
 k - 2 scrolls of fog
 l - 2 scrolls of enchant weapon
 q - a scroll of teleportation {@r4}
 x - a scroll of magic mapping {!r}
 z - a scroll of enchant armour
 K - 3 scrolls of immolation {!r!r}
Potions
 a - 7 potions of mutation {!q}
 d - 6 potions of curing {@q1}
 e - 3 potions of brilliance
 f - a potion of magic {unknown}
 m - a potion of lignification {unknown}
 r - a potion of might {unknown}
 t - 2 potions of cancellation {unknown}
 v - 3 potions of attraction {unknown}
 J - 2 potions of haste {@q3}
 L - a potion of degeneration {unknown}
Miscellaneous
 E - a phantom mirror (inert)
   (You found it on level 1 of the Swamp)

Dungeon Overview and Level Annotations

Branches:
Dungeon (11/15)            Temple (1/1) D:5            Lair (6/6) D:10
  Swamp (1/4) Lair:3       Spider (1/4) Lair:2        Slime (1/5) Lair:5
    Orc: D:9-12

Altars:
Ashenzari
Cheibriados
Dithmenos
Elyvilon
Fedhas
Gozag
Hepliaklqana
Kikubaaqudgha
Makhleb
Nemelex Xobeh
Okawaru
Qazlal
Ru
Sif Muna
Trog
Uskayaw
Vehumet
Wu Jian
Xom
Yredelemnul
Zin
The Shining One
Jiyva

Shops:
D:3 (   D:5 ::   D:8 (

Annotations:
D:9 2 runed translucent doors
Lair:1 1 runed translucent door, Ohueghuq's ghost, novice DrCA
Lair:5 1 runed translucent door, Bricks's ghost, journeyman MiGl
Swamp:1 Kirke; Mlioglotl

###########
#.........#.c....#
#.<.......#..c...#
#.........# c#c.c#
#......^..# ....#
#.........# ...#
#.........# ..#
######....######c#######
#....##.@..........
#..................
#..................
#..................
#....##....########
#....##....#########
#.....#.............
#######.............
#.............


You could see a centaur.


Message History

You buffet the gnoll sergeant!
Lightning courses through the gnoll sergeant!
You kill the gnoll sergeant!
You buffet the gnoll!
You kill the gnoll! 😕 MP[-5]
You lost 5 mp, and now have 0/26 mp.
Unknown command.
You start resting.
Your transformation is almost over.
Your transformation has ended. 😎 HP[+11] MP[+13]
Your hp is fully restored (51).
You regained 13 mp, and now have 13/26 mp.
You start resting. 😎 MP[+13]
Your mp is fully restored (26).
You start waiting.
Done waiting.
Casting: Manifold Assault (dangerous; 1% risk of failure)
Confirm with . or Enter, or press ? or * to list all spells.
You don't know that spell.
Unknown command.
Casting: Manifold Assault (dangerous; 1% risk of failure)
Confirm with . or Enter, or press ? or * to list all spells.
The spell is potentially lethal to miscast (26% risk of failure)!
Continue anyway?
Okay, then.
Casting: Storm Form (potentially lethal; 26% risk of failure)
Confirm with . or Enter, or press ? or * to list all spells.
The spell is potentially lethal to miscast (26% risk of failure)!
Continue anyway?
You turn into a lightning-filled tempest!
You hear a shout! 😎 MP[-7]
You lost 7 mp, and now have 19/26 mp.
You now have 293 gold pieces (gained 9).
You see here a +0 halberd {polearm}. 😎 MP[+7]
Your mp is fully restored (26).
You now have 300 gold pieces (gained 7).
Things that are here:
a +1 spear of distortion {!wpolearm}; a +0 ring mail You now have 305 gold pieces (gained 5).
You see here a +0 whip {mace}.
You now have 311 gold pieces (gained 6).
You see here a +0 flail {mace}.
Unknown command.
You now have 318 gold pieces (gained 7).
You see here a +0 halberd {polearm}.
You now have 327 gold pieces (gained 9).
You see here a +0 flail {mace}.
You see here a +0 halberd {polearm}.
Your transformation is almost over.
You reach down and open the door.
There is an open door here.
Key pressed, stopping explore.
You now have 336 gold pieces (gained 9).
Your transformation has ended.
O - a wand of polymorph (10) (gained 5 charges)
v - 3 metallic coppery potions (gained 1)
You now have 353 gold pieces (gained 17).
Found a stone staircase leading up.
You open the door. 3 centaurs come into view.
The centaur shouts!
You hear a shout! x2
A centaur comes into view.
The centaur wields a +0 shortbow.
The centaur shoots an arrow.
The arrow misses you.
A centaur comes into view.
The centaur shoots an arrow.
The arrow completely misses you.
The centaur shouts!
Casting: Storm Form (potentially lethal; 26% risk of failure)
Confirm with . or Enter, or press ? or * to list all spells.
The spell is potentially lethal to miscast (26% risk of failure)!
Continue anyway?
You miscast Storm Form.
You are very lightly contaminated with residual magic.
You feel a sudden electric shock!!
The centaur wields a +0 shortbow.
The centaur shoots an arrow.
The arrow barely misses you.
You hear a shout! 😮 HP[-18] MP[-7]
You take 18 damage, and now have 33/51 hp.
MASSIVE DAMAGE!! (PAUSE)
You lost 7 mp, and now have 19/26 mp.
Unknown command.
Unknown command.
Unknown command.
You close the door.
Casting: Storm Form (potentially lethal; 26% risk of failure)
Confirm with . or Enter, or press ? or * to list all spells.
The spell is potentially lethal to miscast (26% risk of failure)!
Continue anyway?
You miscast Storm Form.
You feel a sudden electric shock!!
* * * LOW HITPOINT WARNING * * *
😱 HP[-24] MP[-7]
You take 24 damage, and now have 9/51 hp.
MASSIVE DAMAGE!! (PAUSE)
You lost 7 mp, and now have 12/26 mp.
Something unseen breaks down the door.
The centaur shoots an arrow.
The arrow hits you!
You die...
Your body crumbles into a pile of gold.

Skill      XL: |  1  2  3  4  5  6  7  8  9 10 11 12 13 14 |
---------------+-------------------------------------------+-----
Summonings     | 5 6 8 9 10 11 12 | 12.0
Spellcasting   | 3 4 5 7 9 |  9.0
Air Magic      | 3 7 10 11 | 11.4
Hexes          | 6 8 10 | 10.8
Translocations | 12 | 12.1
Fighting       | 4 5 |  5.3
Dodging        | 9 12 | 12.2
Transmutations | 10 7 9 | 10.6
Stealth        | |  2.6

Action                   |  1- 3 |  4- 6 |  7- 9 | 10-12 | 13-15 || total
-------------------------+-------+-------+-------+-------+-------++-------
Melee: Unarmed           |     1 |     3 |    18 |    43 |     4 ||    69
       Bite              |     1 |     1 |     1 |       |     1 ||     4
 Cast: Summon Small Mamm |    54 |       |     3 |     7 |     5 ||    69
       Call Imp          |     9 |     1 |     6 |     1 |       ||    17
       Call Canine Famil |     4 |    25 |    65 |    59 |    23 ||   176
       Summon Guardian G |       |     1 |    19 |    57 |    29 ||   106
       Summon Lightning  |       |       |    27 |    88 |    61 ||   176
       Summon Mana Viper |       |       |       |    81 |    75 ||   156
       Summon Forest     |       |       |       |     5 |     2 ||     7
       Manifold Assault  |       |       |       |     9 |       ||     9
       Storm Form        |       |       |       |     6 |       ||     6
Invok: Potion Petition   |       |       |       |     2 |     3 ||     5
       Call Merchant     |       |       |       |       |     1 ||     1
Evoke: Wand              |       |       |       |     7 |     1 ||     8
       Phantom mirror    |       |       |       |     1 |       ||     1
  Use: Scroll            |       |       |     9 |    22 |       ||    31
       Potion            |       |       |       |    13 |     3 ||    16
 Stab: Distracted        |       |       |       |     2 |     1 ||     3
Armor: Skin              |       |     2 |    13 |     8 |     8 ||    31
Dodge: Dodged            |     7 |    16 |    81 |   138 |    73 ||   315
Block: Other             |       |       |       |    16 |    14 ||    30
       Reflection        |       |       |       |     1 |       ||     1

Levels and vault maps discovered:
D:1:      nicolae_arrival_somewhat_less_tricky_arrival, layout_basic,
          dreamdust_ecumenical_altar_drowned_temple,
          chequers_serial_rivers_micro_b
D:2:      layout_basic
D:3:      layout_loops_ring, nzn_hepliaklqana_mist_gate, serial_shops, shop,
          uniq_natasha
D:4:      layout_loops_ring
D:5:      layout_gridville, nicolae_overflow_squiral,
          minmay_temple_entry_sparse_star, ebering_ghost_sewer_d, serial_shops,
          shop, columned_hall_lemuel, uniq_crazy_yiuf_cottage
D:6:      minmay_opposing_rooms, layout_gridville, makhleb_heckhound_becter,
          uniq_grinder
D:7:      layout_basic, nicolae_overflow_crystal_walls,
          lemuel_coloured_pillars_altar
D:8:      layout_loops_corners, nicolae_ashenzari_skybound, serial_shops,
          nicolae_shop_crystal, enter_bailey_4, uniq_joseph
D:9:      lemuel_castle_with_subvaults [lemuel_castle_interior_original],
          layout_irregular_city, mainiacjoe_overflow_tiny_flanked,
          minmay_hollow_rounded_squares
D:10:     layout_cave_pools, lair_entry_dummy
D:11:     layout_stronghold, nicolae_gozag_cash_rules_everything_around_me,
          uniq_erica, uniq_nergalle
Temple:   dpeg_chambers_temple
Lair:1:   layout_roguey, hellmonk_ghost_happy_afterlife, enter_volcano_1,
          serial_bayou_shore_a, lemuel_fruit_fields, lemuel_fruit_tree
Lair:2:   statuecave_lemuel, layout_cave_pods, spider_nest_entry_funnel_web,
          chequers_serial_rivers_micro_a, beast_lair_carwin_2,
          grunt_megastairs_3
Lair:3:   layout_gridlike, minmay_swamp_entry_worms
Lair:4:   layout_regular_city, uniq_nessos, uniq_josephine
Lair:5:   layout_layer_cave, slime_altar_1, ebering_ghost_inner_flame, pond
Lair:6:   grunt_lair_end_beastmaster, layout_loops_ring, serial_forest,
          infiniplex_forest_straight_4, infiniplex_forest_lined_2,
          infiniplex_forest_clump_medium, infiniplex_forest_straight_2,
          infiniplex_forest_lined_corner, infiniplex_forest_diagonal,
          infiniplex_forest_clump_medium, grunt_forest_stairs_basic
Swamp:1:  layout_basic_swamp, evilmike_swamp_ruin_house_4, swamp_pool3,
          uniq_kirke, uniq_jorgrun, uniq_mlioglotl
Spider:1: layout_spider_delve, drop_trap, uniq_nikola
Slime:1:  layout_caves, cheibrodos_slime_lost_civilization_7

Notes
Turn   | Place    | Note
-------+----------+-------------------------------------------
     0 | D:1      | blackman the Felid Summoner began the quest for the Orb.
     0 | D:1      | Reached XP level 1. HP: 7/7 MP: 4/4
     0 | D:1      | magus.rc [v1.9.6]
   504 | D:1      | Reached XP level 2. HP: 11/11 MP: 3/6
   698 | D:1      | Found a faded altar of an unknown god.
   970 | D:1      | Learned a level 2 spell: Call Imp
  1005 | D:1      | magus.rc [v1.9.6]
  1655 | D:2      | Reached XP level 3. HP: 14/14 MP: 4/7
  2417 | D:3      | Learned a level 3 spell: Call Canine Familiar
  2455 | D:3      | magus.rc [v1.9.6]
  2617 | D:3      | Noticed Natasha
  2623 | D:3      | Killed Natasha
  2624 | D:3      | Reached skill level 5 in Summonings
  2728 | D:3      | Identified the +8 hunting sling "Otzugeesee" {flame, rF+
                  | rC- Int+3 SInv}
  2792 | D:3      | Reached XP level 4. HP: 18/18 MP: 9/9
  2840 | D:3      | Found Duza Kal's Antique Weapon Emporium.
  2973 | D:3      | Noticed Natasha
  2983 | D:3      | Killed Natasha
  2984 | D:3      | Reached skill level 3 in Spellcasting
  3040 | D:3      | Noticed Natasha
  3063 | D:3      | Killed Natasha
  3291 | D:3      | Reached XP level 5. HP: 21/21 MP: 6/11
  3651 | D:3      | Found a hazy altar of Hepliaklqana.
  3815 | D:4      | Learned a level 3 spell: Summon Guardian Golem
  4242 | D:4      | You pick up a book of Minor Magic and begin reading...
  4242 | D:4      | You add the spells Magic Dart and Mephitic Cloud to your
                  | library.
  4310 | D:4      | Noticed a necrophage
  4333 | D:4      | Killed a necrophage
  4334 | D:4      | Reached skill level 4 in Spellcasting
  4334 | D:4      | Reached skill level 6 in Summonings
  4639 | D:5      | Entered Level 5 of the Dungeon
  4639 | D:5      | Found Zubrer's Book Emporium.
  4681 | D:5      | Gained mutation: You are covered in thick fur. (AC +2)
                  | [Felid growth]
  4681 | D:5      | Reached XP level 6. HP: 24/24 MP: 10/13
  4823 | D:5      | Noticed a sky beast
  4846 | D:5      | Killed a sky beast
  5024 | D:5      | Found a hide-covered altar of Uskayaw.
  5027 | D:5      | Found a basalt altar of Yredelemnul.
  5033 | D:5      | HP: 5/24 [bullfrog (8)]
  5293 | D:5      | Found a runed translucent door.
  5354 | D:5      | Found a runed translucent door.
  5355 | D:5      | Noticed Crazy Yiuf
  5439 | D:5      | Found a staircase to the Ecumenical Temple.
  5446 | Temple   | Entered the Ecumenical Temple
  5834 | D:5      | Reached XP level 7. HP: 27/27 MP: 12/15
  5882 | D:5      | Reached skill level 7 in Summonings
  5962 | D:5      | Noticed croobank's ghost (weakling FeDe)
  6634 | D:5      | Killed Crazy Yiuf
  7094 | D:5      | Killed croobank's ghost
  7582 | D:5      | Reached skill level 8 in Summonings
  7651 | D:6      | Found a burning altar of Makhleb.
  7838 | D:5      | Reached skill level 1 in Air Magic
  8018 | D:6      | Noticed a troll
  8041 | D:6      | Killed a troll
  8042 | D:6      | Reached skill level 3 in Air Magic
  8042 | D:6      | Reached XP level 8. HP: 31/31 MP: 11/16
  8047 | D:6      | Learned a level 4 spell: Summon Lightning Spire
  8182 | D:6      | Reached skill level 4 in Air Magic
  8484 | D:6      | You fall into a shaft and drop 3 floors!
  8561 | D:9      | Found a large runed translucent door.
  8561 | D:9      | Found a large runed translucent door.
  8564 | D:9      | Noticed a cyan ugly thing
  8565 | D:9      | Noticed a wizard
  8598 | D:9      | Reached skill level 5 in Air Magic
  8666 | D:9      | Noticed a two-headed ogre
  8674 | D:9      | Killed a two-headed ogre
  8675 | D:9      | Reached skill level 7 in Air Magic
  8675 | D:9      | Reached XP level 9. HP: 34/34 MP: 11/17
  8931 | D:6      | Noticed a six-headed hydra
  8938 | D:6      | Killed a six-headed hydra
  8939 | D:6      | Reached skill level 9 in Air Magic
  9588 | D:6      | Noticed Grinder
  9595 | D:6      | Killed Grinder
  9606 | D:6      | Reached skill level 10 in Air Magic
 10122 | D:7      | Reached XP level 10. HP: 37/37 MP: 13/18
 10488 | D:7      | Found an opulent altar of Gozag.
 10526 | D:7      | Became a worshipper of Gozag Ym Sagoz the Greedy
 10610 | D:7      | Found a shimmering blue altar of Sif Muna.
 10666 | D:7      | Reached skill level 1 in Hexes
 11140 | D:8      | Reached skill level 2 in Hexes
 11419 | D:8      | Reached skill level 3 in Hexes
 11422 | D:8      | Noticed Joseph
 11753 | D:8      | You pick up a book of Vapours and begin reading...
 11753 | D:8      | You add the spells Poisonous Vapours and Corpse Rot to your
                  | library.
 11881 | D:8      | Found a broken altar of Ashenzari.
 11917 | D:8      | You add the spells Summon Forest, Eringya's Noxious Bog and
                  | Summon Hydra to your library.
 11918 | D:8      | magus.rc [v1.9.6]
 11918 | D:8      | magus.rc [v1.9.6]
 12256 | D:8      | Shot with a sling bullet by Joseph
 12257 | D:8      | Reached XP level 9. HP: -8/34 MP: 9/17
 12321 | D:8      | Found Fuexzepn's Weapon Boutique.
 12336 | D:8      | You pick up a book of Beasts and begin reading...
 12336 | D:8      | You add the spells Summon Ice Beast, Summon Mana Viper and
                  | Monstrous Menagerie to your library.
 12608 | D:8      | Killed Joseph
 12609 | D:8      | Reached skill level 9 in Summonings
 12989 | D:9      | Found a bloodstained altar of Trog.
 13022 | D:9      | Noticed a tengu warrior
 13313 | D:9      | Noticed a cyan ugly thing
 13585 | D:9      | Killed a tengu warrior
 13586 | D:9      | Reached skill level 5 in Spellcasting
 13586 | D:9      | Reached skill level 5 in Hexes
 13618 | D:9      | Noticed a tengu warrior
 13626 | D:9      | Killed a tengu warrior
 13627 | D:9      | Reached skill level 6 in Hexes
 13627 | D:9      | Reached XP level 10. HP: 37/37 MP: 2/19
 13754 | D:9      | Reached skill level 6 in Spellcasting
 13929 | D:9      | Reached skill level 7 in Hexes
 14384 | D:9      | HP: 7/37 [poisoned by a kobold brigand (curare-tipped
                  | dart)]
 14709 | D:9      | Killed a cyan ugly thing
 14710 | D:9      | Reached skill level 8 in Hexes
 14980 | D:9      | Paralysed by an orc priest for 5 turns
 15056 | D:9      | Reached skill level 7 in Spellcasting
 15137 | D:9      | Noticed a fire dragon
 15303 | D:9      | Noticed a cyclops
 15540 | D:9      | Learned a level 5 spell: Summon Mana Viper
 15542 | D:9      | Noticed an orc knight
 15731 | D:10     | Entered Level 10 of the Dungeon
 15731 | D:10     | Found a staircase to the Lair.
 15896 | D:10     | Noticed a two-headed ogre
 15903 | D:10     | Killed a two-headed ogre
 15907 | D:10     | Reached skill level 10 in Summonings
 16258 | D:10     | Reached XP level 11. HP: 26/40 MP: 10/22
 16340 | D:10     | Reached skill level 11 in Summonings
 16525 | D:10     | Noticed a two-headed ogre
 16542 | D:10     | Killed a two-headed ogre
 16950 | Lair:1   | Entered Level 1 of the Lair of Beasts
 17048 | Lair:1   | Noticed Ohueghuq's ghost (novice DrCA)
 17363 | Lair:1   | You add the spells Tukima's Dance, Passage of Golubria and
                  | Yara's Violent Unravelling to your library.
 17400 | Lair:1   | Reached skill level 1 in Translocations
 17435 | Lair:1   | Reached skill level 2 in Translocations
 17439 | Lair:1   | Reached skill level 3 in Translocations
 17448 | Lair:1   | Reached skill level 4 in Translocations
 17453 | Lair:1   | Reached skill level 5 in Translocations
 17663 | Lair:1   | Learned a level 5 spell: Summon Forest
 17790 | Lair:1   | Reached skill level 6 in Translocations
 17795 | Lair:1   | Reached skill level 7 in Translocations
 17957 | Lair:1   | Found a runed translucent door.
 18055 | Lair:1   | Reached skill level 8 in Translocations
 18634 | Lair:2   | Reached skill level 9 in Translocations
 18640 | Lair:2   | Noticed a seven-headed hydra
 18641 | Lair:2   | Reached skill level 10 in Translocations
 18863 | Lair:2   | Noticed an eight-headed hydra
 18870 | Lair:2   | Killed an eight-headed hydra
 18877 | Lair:2   | Reached skill level 11 in Translocations
 19115 | Lair:2   | Found a hole to the Spider Nest.
 19226 | Lair:2   | Killed a seven-headed hydra
 19227 | Lair:2   | Reached skill level 12 in Translocations
 19227 | Lair:2   | Gained mutation: Your thick and shaggy fur keeps you warm.
                  | (AC +3, rC+) [Felid growth]
 19227 | Lair:2   | Reached XP level 12. HP: 44/44 MP: 2/23
 19582 | Lair:2   | Reached skill level 1 in Fighting
 19582 | Lair:2   | Reached skill level 3 in Dodging
 19674 | Lair:2   | Reached skill level 2 in Fighting
 19674 | Lair:2   | Reached skill level 4 in Dodging
 20108 | Lair:2   | Reached skill level 3 in Fighting
 20108 | Lair:2   | Reached skill level 5 in Dodging
 21447 | Lair:3   | Found a staircase to the Swamp.
 21832 | Lair:4   | Reached skill level 4 in Fighting
 21832 | Lair:4   | Reached skill level 6 in Dodging
 22159 | Lair:4   | Noticed Josephine
 22168 | Lair:4   | Killed Josephine
 22169 | Lair:4   | Reached skill level 7 in Dodging
 22173 | Lair:4   | Reached skill level 9 in Hexes
 22628 | Lair:4   | Noticed Nessos
 22647 | Lair:4   | Killed Nessos
 22648 | Lair:4   | Reached skill level 8 in Dodging
 22648 | Lair:4   | Reached skill level 10 in Hexes
 23173 | Lair:4   | Reached skill level 9 in Dodging
 23371 | Lair:4   | HP: 8/50 [dream sheep (26)]
 23378 | Lair:4   | Reached skill level 12 in Summonings
 23873 | Lair:5   | Found a viscous altar of Jiyva.
 23873 | Lair:5   | Found a staircase to the Slime Pits.
 23920 | Lair:4   | HP: 12/50 [poisoned by a cane toad]
 23941 | Lair:4   | Reached XP level 13. HP: 13/53 MP: 2/24
 24348 | Lair:5   | Reached skill level 10 in Dodging
 25119 | Lair:5   | Reached skill level 8 in Spellcasting
 25299 | Lair:5   | Reached skill level 11 in Dodging
 25884 | Lair:5   | Found a runed translucent door.
 25885 | Lair:5   | Noticed Bricks's ghost (journeyman MiGl)
 26719 | Lair:6   | Entered Level 6 of the Lair of Beasts
 27253 | Lair:6   | Reached skill level 12 in Dodging
 27315 | Lair:6   | You pick up a book of Winter and begin reading...
 27315 | Lair:6   | You add the spells Ozocubu's Armour, Metabolic Englaciation
                  | and Simulacrum to your library.
 27477 | Lair:6   | Reached skill level 9 in Spellcasting
 27782 | D:5      | magus.rc [v1.9.6]
 27787 | D:5      | Bought an Inescapable Atlas for 408 gold pieces
 27787 | D:5      | You add the spells Blink, Manifold Assault and Storm Form
                  | to your library.
 27991 | Lair:6   | Reached skill level 1 in Transmutations
 28096 | Lair:6   | Reached skill level 2 in Transmutations
 28102 | Lair:6   | Reached skill level 3 in Transmutations
 28183 | Lair:6   | Reached skill level 4 in Transmutations
 28524 | Lair:6   | Reached skill level 5 in Transmutations
 28926 | Lair:6   | Reached skill level 6 in Transmutations
 29221 | Lair:6   | Reached skill level 7 in Transmutations
 29408 | Lair:6   | Reached XP level 14. HP: 54/57 MP: 11/28
 29616 | Lair:6   | Reached skill level 8 in Transmutations
 29813 | Lair:6   | You pick up a book of Blasting and begin reading...
 29813 | Lair:6   | You add the spells Fulminant Prism, Iskenderun's Mystic
                  | Blast and Lee's Rapid Deconstruction to your library.
 30432 | D:9      | Reached skill level 9 in Transmutations
 30450 | D:9      | Killed from afar by a fire dragon
 30451 | D:9      | Reached XP level 13. HP: -2/53 MP: 8/27
 30735 | Swamp:1  | Entered Level 1 of the Swamp
 30751 | Swamp:1  | Learned a level 7 spell: Storm Form
 30807 | Swamp:1  | Noticed Jorgrun
 30827 | Swamp:1  | Killed Jorgrun
 30830 | Swamp:1  | Reached skill level 5 in Fighting
 31565 | Spider:1 | Entered Level 1 of the Spider Nest
 31670 | Spider:1 | HP: 18/81 [poisoned by a redback]
 31672 | Spider:1 | Succumbed to a redback's poison
 31673 | Spider:1 | Reached XP level 12. HP: 0/51 MP: 15/26
 31858 | Spider:1 | Noticed a boulder beetle
 32078 | Lair:2   | Learned a level 5 spell: Manifold Assault
 32247 | Lair:2   | Identified the +2 robe of Resourcefulness {+Blink Regen+
                  | Int-3}
 32474 | Swamp:1  | HP: 11/51 [spriggan rider (13)]
 32477 | Swamp:1  | Reached skill level 10 in Transmutations
 32477 | Swamp:1  | Reached skill level 11 in Air Magic
 32875 | Swamp:1  | Noticed a ghost crab
 32899 | Swamp:1  | Noticed an eleionoma
 32905 | Swamp:1  | Noticed a four-headed hydra
 32905 | Swamp:1  | Noticed a six-headed hydra
 32960 | Swamp:1  | Killed a four-headed hydra
 33042 | Swamp:1  | Noticed a ghost crab
 33073 | Swamp:1  | Killed a six-headed hydra
 33380 | Swamp:1  | Killed a ghost crab
 33538 | Swamp:1  | Noticed Kirke
 33765 | Swamp:1  | Noticed Mlioglotl
 34058 | Slime:1  | Entered Level 1 of the Pits of Slime
 34058 | Slime:1  | Noticed a quicksilver ooze
 34058 | Slime:1  | Noticed an acid blob
 34058 | Slime:1  | Noticed a rockslime
 34058 | Slime:1  | Noticed an azure jelly
 34563 | D:11     | HP: 9/51 [something (24)]
 34565 | D:11     | Shot with an arrow by a centaur

Vanquished Creatures
  A ghost crab (Swamp:1)
  An orc knight (D:9)
  A blink frog (Lair:4)
  A hog (Lair:3)
  A swamp worm (Swamp:1)
  A gnoll sergeant (D:11)
  A water moccasin skeleton (D:5)
  5 gnolls (D:11)
  A ball python (D:4)
  A rat (D:1)
14 creatures vanquished.

Vanquished Creatures (collateral kills)
  Jorgrun (Swamp:1)
  Nessos (Lair:4)
  Josephine (Lair:4)
  5 hydras
  2 catoblepae
  3 two-headed ogres
  A deep troll shaman (Lair:6)
  A tengu warrior (D:9)
  5 death yaks (Lair:6)
  2 spriggans (Swamp:1)
  A goliath frog (Swamp:1)
  A swamp dragon (Lair:5)
  2 will-o-the-wisps (Lair:5)
  A cyclops (D:9)
  6 elephants
  5 black mambas
  A gargoyle (D:10)
  Joseph (D:8)
  A torpor snail (Spider:1)
  16 cane toads
  A rime drake (Lair:6)
  11 komodo dragons
  5 kobold demonologists
  6 trolls
  3 hornets
  2 tarantellas (Spider:1)
  2 tyrant leeches
  2 polar bears (Lair:6)
  Grinder (D:6)
  7 blink frogs (Lair:4)
  5 dream sheep (Lair:4)
  A jumping spider (Spider:1)
  A culicivora (Spider:1)
  5 wraiths
  A shadow (D:10)
  35 yaks
  3 basilisks
  2 hogs
  5 wyverns
  3 vampire mosquitoes
  3 swamp worms
  5 redbacks
  2 steam dragons
  2 wargs (D:9)
  12 water moccasins
  2 swamp drakes (Lair:5)
  A hell hound (D:9)
  3 orc warriors (D:9)
  2 sky beasts
  An ice beast (D:5)
  5 black bears
  A hornet zombie (D:8)
  An ogre (D:6)
  36 wolves
  A centaur (D:7)
  10 kobold brigands
  8 bullfrogs
  A gnoll sergeant (D:9)
  2 scorpions (D:6)
  A water moccasin skeleton (D:5)
  5 killer bees
  4 howler monkeys
  A wight (D:8)
  2 bullfrog zombies
  3 centaur zombies
  A jelly (D:5)
  5 orc priests (D:9)
  2 gnoll shamans (D:9)
  3 hounds
  2 bullfrog skeletons (D:6)
  4 orc wizards
  Natasha (thrice) (D:3)
  3 iguanas
  7 hell rats (Lair:5)
  3 killer bee zombies
  3 howler monkey zombies
  3 adders
  A shadow imp (D:6)
  2 white imps (D:6)
  3 ufetubi
  An adder skeleton (D:4)
  A worm (D:5)
  A dart slug (D:3)
  The ghost of croobank the Sneak, a weakling FeDe (D:5)
  11 orcs
  4 ball pythons
  2 endoplasms (D:1)
  4 giant cockroaches
  7 goblins
  6 hobgoblins
  2 jackals (D:2)
  5 bats
  6 frilled lizards
  17 kobolds
  A rat (D:3)
  A spectral kobold (D:1)
  2 butterflies (Lair:1)
389 creatures vanquished.

Vanquished Creatures (others)
  A dire elephant (Lair:6)
  2 hydras
  A death yak (Lair:6)
  A tengu warrior (D:9)
  A spriggan (Swamp:1)
  A spriggan druid (Swamp:1)
  An ugly thing (D:9)
  A wolf spider (Spider:1)
  2 elephants (Lair:6)
  A rime drake (Lair:1)
  A hornet (Swamp:1)
  A wraith (Lair:4)
  13 yaks
  A redback (Spider:1)
  2 water moccasins
  An acid dragon (D:6)
  A necrophage (D:4)
  A wolf (Lair:5)
  2 centaurs (D:9)
  A killer bee (D:7)
  3 wights (D:8)
  A jelly (D:6)
  Crazy Yiuf (D:5)
  An iguana (D:7)
  A white imp (D:6)
  3 bushes (Lair:6)
  17 foxfires (Lair:5)
  87 fungi
  179 plants
329 creatures vanquished.

Grand Total: 732 creatures vanquished

Table legend:
 A = Non-vault XP
 B = Vault XP
 C = Vault XP percentage of total XP
 D = Non-vault monster count
 E = Vault monster count
 F = Vault count percentage of total count
                 A         B        C        D         E       F
            +---------+---------+-------+---------+---------+-------
      Total |   59244 |   30597 |  34.1 |     327 |     116 |  26.2
            +---------+---------+-------+---------+---------+-------
        D:1 |      22 |       1 |   4.3 |      13 |       1 |   7.1
        D:2 |      27 |       0 |   0.0 |      11 |       0 |   0.0
        D:3 |     131 |      35 |  21.1 |      17 |       1 |   5.6
        D:4 |     143 |      26 |  15.4 |      10 |       2 |  16.7
        D:5 |     750 |      86 |  10.3 |      14 |       3 |  17.6
        D:6 |    1776 |     945 |  34.7 |      15 |       6 |  28.6
        D:7 |     853 |       0 |   0.0 |      11 |       0 |   0.0
        D:8 |     928 |     434 |  31.9 |      28 |       6 |  17.6
        D:9 |    2980 |    6466 |  68.5 |      12 |      37 |  75.5
       D:10 |    4736 |       0 |   0.0 |      15 |       0 |   0.0
       D:11 |     154 |       0 |   0.0 |       6 |       0 |   0.0
     Lair:1 |    4542 |       0 |   0.0 |      19 |       0 |   0.0
     Lair:2 |    5648 |    2864 |  33.6 |      19 |      16 |  45.7
     Lair:3 |     493 |     843 |  63.1 |       3 |       4 |  57.1
     Lair:4 |    8567 |    3116 |  26.7 |      37 |       8 |  17.8
     Lair:5 |    7662 |    3240 |  29.7 |      38 |       8 |  17.4
     Lair:6 |    8923 |   10564 |  54.2 |      33 |      22 |  40.0
    Swamp:1 |    8185 |    1977 |  19.5 |      16 |       2 |  11.1
   Spider:1 |    2724 |       0 |   0.0 |      10 |       0 |   0.0
            +---------+---------+-------+---------+---------+-------

Illustrated notes

Table legend:
 A = Kills in this place as a percentage of kills in entire the game.
 B = Kills by you in this place as a percentage of kills by you in the entire game.
 C = Kills by friends in this place as a percentage of kills by friends in the entire game.
 D = Other kills in this place as a percentage of other kills in the entire game.
 E = Experience gained in this place as a percentage of experience gained in the entire game.
 F = Experience gained in this place divided by the number of levels of this place that you have seen.
                   A       B       C       D       E      F
               +-------+-------+-------+-------+-------+----------------------
         Total | 100.0 | 100.0 | 100.0 | 100.0 | 100.0 | 4278.1
       Dungeon |  47.0 |  71.4 |  47.5 |  33.3 |  22.8 | 1863.0
          Lair |  46.7 |  14.3 |  47.3 |  52.4 |  62.8 | 9410.3
         Swamp |   4.1 |  14.3 |   3.1 |   9.5 |  11.3 | 10162.0
   Spider Nest |   2.3 |   0.0 |   2.1 |   4.8 |   3.0 | 2724.0
               +-------+-------+-------+-------+-------+----------------------

Table legend: (Time is in decaauts)
 A = Elapsed time spent in this place.
 B = Non-inter-level travel time spent in this place.
 C = Inter-level travel time spent in this place.
 D = Time resting spent in this place.
 E = Time spent auto-exploring this place.
 F = Levels seen in this place.
 G = Mean time per level.
                   A        B        C        D        E       F      G
               +--------+--------+--------+--------+--------+-----+--------+
         Total |  31588 |  29866 |   1722 |   6275 |  18266 |  21 | 1504.2 |
       Dungeon |  16131 |  15342 |    789 |   3051 |   9133 |  11 | 1466.5 |
        Temple |    218 |    201 |     17 |      0 |    189 |   1 |  218.0 |
          Lair |  13664 |  12752 |    912 |   2621 |   8389 |   6 | 2277.3 |
         Swamp |   1276 |   1274 |      2 |    592 |    405 |   1 | 1276.0 |
   Spider Nest |    296 |    296 |      0 |     10 |    149 |   1 |  296.0 |
    Slime Pits |      1 |      1 |      0 |      0 |      0 |   1 |    1.0 |
               +--------+--------+--------+--------+--------+-----+--------+

Top non-repeatable levels by time:
  Lair:4: 2619 daAuts
     D:9: 2584 daAuts
  Lair:2: 2474 daAuts
  Lair:5: 2434 daAuts
     D:5: 2396 daAuts
  Lair:6: 2353 daAuts
     D:8: 2249 daAuts
  Lair:3: 1947 daAuts
  Lair:1: 1834 daAuts
     D:6: 1733 daAuts
     D:7: 1353 daAuts
     D:3: 1277 daAuts
 Swamp:1: 1276 daAuts
    D:10: 1194 daAuts
     D:1: 1137 daAuts
